 Dungeon Crawl Stone Soup version 0.22-a0-181-gb22368a (webtiles) character file.

50676 mhoghedin the Spry (level 14, -19/70 HPs)
             Began as a Spriggan Chaos Knight on Feb 14, 2018.
             Demolished by a deep troll shaman (20 damage)
             ... on level 6 of the Lair of Beasts.
             The game lasted 01:02:38 (17267 turns).

mhoghedin the Spry (Spriggan Chaos Knight)         Turns: 17267, Time: 01:02:40

Health: -19/70     AC:  5    Str: 11    XL:     14   Next: 20%
Magic:  29/31      EV: 33    Int: 14    God:    Xom [..*...]
Gold:   387        SH:  4    Dex: 20    Spells: 8/21 levels left

rFire    + . .     SeeInvis +     - Unarmed
rCold    + + .     Gourm    .   (shield currently unavailable)
rNeg     . . .     Faith    .   T - +0 robe "Wuubbogul" {rC+}
rPois    +         Spirit   .   (helmet unavailable)
rElec    .         Reflect  .   B - +2 cloak
rCorr    .         Harm     .   (gloves unavailable)
MR       ++...                  (boots unavailable)
Stlth    +++++++...             C - amulet of rage {+Rage, !d}
HPRegen  0.00/turn              j - ring of magical power {MP+9}
MPRegen  0.22/turn              z - ring of protection from cold {rC+, !d}

@: mighty, blade hands, berserk cooldown, slowed, quick
A: very small, unfitting armour, hooves 1, horns 3, large bone plates 1,
camouflage 1, see invisible, fire resistance 1, herbivore, speed 3, poison
resistance, screaming 1, inhibited regeneration, slow metabolism 2, weak 1
a: End Transformation, Renounce Religion, Evoke Berserk Rage


You were on level 6 of the Lair of Beasts.
You worshipped Xom.
You were a toy of Xom.
You were hungry.
You had blades for hands.
You visited 2 branches of the dungeon, and saw 16 of its levels.
You also visited: Sewer and Volcano.

You collected 1251 gold pieces.
You spent 864 gold pieces at shops.

Inventory:

Hand Weapons
 a - a +5 blowgun
   (You found it on level 2 of the Lair of Beasts)
 b - the +11 dagger of Breach (melded) {pierce, rN+ Dex+6 Stlth+}
   (You found it on level 8 of the Dungeon)

   It inflicts extra damage upon your enemies.
   It affects your dexterity (+6).
   It protects you from negative energy.
   It makes you more stealthy.
Missiles
 h - 3 throwing nets {=f, !d}
 E - 10 curare-tipped needles
 F - 4 needles of frenzy
 I - 5 needles of paralysis
 J - 32 poisoned needles
Armour
 f - a +3 buckler (melded)
   (You found it on level 6 of the Dungeon)
 B - a +2 cloak (worn)
   (You found it on level 7 of the Dungeon)
 Q - a +2 robe of resistance
   (Xom gifted it to you on level 6 of the Lair of Beasts)
 T - the +0 robe "Wuubbogul" (worn) {rC+}
   (Xom gifted it to you on level 5 of the Lair of Beasts)

   It protects you from cold.
Magical Staves
 p - an uncursed staff of cold {rC+}
   (You found it on level 5 of the Dungeon)
 V - an uncursed staff of energy {unknown}
   (You found it on level 6 of the Lair of Beasts)
Jewellery
 j - a ring of magical power (left scythe-like blade) {MP+9}
   (You found it on level 4 of the Dungeon)
 y - an uncursed ring of protection from cold {rC+, !d}
   (You found it on level 6 of the Dungeon)
 z - a ring of protection from cold (right scythe-like blade) {rC+, !d}
   (You found it on level 6 of the Dungeon)
 C - an amulet of rage (around neck) {+Rage, !d}
   (You took it off a wight on level 7 of the Dungeon)
 D - an uncursed ring of protection from fire {unknown}
   (You found it on level 5 of the Lair of Beasts)
 U - an uncursed amulet of regeneration {unknown}
   (You found it on level 5 of the Lair of Beasts)
Wands
 w - a wand of flame (17)
   (You found it on level 9 of the Dungeon)
 N - a wand of acid (4)
   (You found it on level 3 of the Dungeon)
Scrolls
 d - 2 scrolls of noise {!r}
 e - 3 scrolls of magic mapping {!r}
 g - 4 scrolls of fog
 k - 4 scrolls of remove curse
 m - 5 scrolls of blinking {!r}
 n - 2 scrolls of enchant weapon
 o - 4 scrolls of teleportation
 t - 8 scrolls of fear
 H - a scroll of immolation {!r}
 K - 3 scrolls of enchant armour
 L - 2 scrolls of amnesia
 P - a scroll of identify
Potions
 i - 3 potions of might
 l - 2 potions of heal wounds
 q - 12 potions of curing
 r - 2 potions of flight
 s - 3 potions of agility
 u - a potion of magic
 x - 3 potions of lignification {!q}
 A - 2 potions of haste
 G - a potion of mutation {!q}
 M - a potion of cancellation
 O - 2 potions of berserk rage {!q}
Books
 R - a book of Frost
   (You found it on level 2 of the Lair of Beasts)
 S - a book of Changes
   (You found it on level 5 of the Lair of Beasts)
 W - a book of Battle
   (You bought it in a shop on level 8 of the Dungeon)
Miscellaneous
 v - a phial of floods
   (You found it on level 6 of the Dungeon)
Comestibles
 c - 24 rations


   Skills:
 - Level 6.8 Fighting
 - Level 9.5 Short Blades
 - Level 2.8 Throwing
 - Level 16.0 Dodging
 - Level 14.0 Stealth
 - Level 5.2 Shields
 + Level 5.9 Unarmed Combat
 + Level 4.4 Spellcasting
 + Level 7.7 Charms
 + Level 9.3 Transmutations
 - Level 4.0 Ice Magic
 - Level 10.3 Evocations


You had 8 spell levels left.
You knew the following spells:

 Your Spells              Type           Power        Failure   Level  Hunger
r - Regeneration          Chrm/Necr      ##........   47%         3    ###....
x - Blade Hands           Tmut           ####......   47%         5    ######.
A - Ozocubu's Armour      Chrm/Ice       ###.....     32%         3    ###....
S - Song of Slaying       Chrm           ###.....     16%         2    ##.....


Dungeon Overview and Level Annotations

Branches:
Dungeon (10/15)            Temple (0/1) D:7            Lair (6/6) D:10
 Shoals (0/4) Lair:4        Snake (0/4) Lair:4        Slime (0/5) Lair:5
    Orc (0/2) D:10

Altars:
Ashenzari
Dithmenos
Okawaru
Xom

Shops:
D:8 *

Annotations:
Lair:2 exclusion: 4 oklob plants


Innate Abilities, Weirdness & Mutations

You are very small and have problems with some larger weapons.
You are too small for most types of armour.
You have supernaturally acute eyesight. (SInv)
You are a herbivore.
You cover ground extremely quickly.
You need consume almost no food.
You have large cloven feet.
You have a pair of large horns on your head.
You are partially covered in large bone plates. (SH +4)
Your skin changes colour to match your surroundings (Stealth+).
Your flesh is heat resistant. (rF+)
Your system is resistant to poisons. (rPois)
You occasionally shout uncontrollably at your foes.
You do not regenerate when monsters are visible.
You are weak. (Str -2)


Message History

You are exhausted.
You feel yourself slow down.
You now have 66/70 hp.
Unknown command.
Your skin stops crawling.
You hear a bellow!
You hear a bellow!
You hear a bellow! x3
You hear a trumpeting!
You hear a bellow! x2; You hear a shout!
A death yak comes into view.
You hit the death yak. You kick the death yak. You headbutt the death yak!
You puncture the death yak! The death yak completely misses you.
You hit the death yak. The death yak completely misses you.
You puncture the death yak!
You hear a bellow!
The death yak completely misses you.
You hear a bellow! x2
You puncture the death yak!
You kill the death yak!
Your phial of floods has recharged.
Your Spellcasting skill increases to level 4!
You hear a shout!
You hear a bellow! x2
Your song is almost over.
You shout at the death yak!
A death yak comes into view.
The death yak completely misses you.
A deep troll shaman comes into view.
You puncture the death yak! You kick the death yak! You headbutt the death yak!
You hear a bellow!
The deep troll shaman moves out of view.
The death yak completely misses you.
You completely miss the death yak. You kick the death yak!
Xom titters.
The catoblepas looks rather confused.
The death yak looks rather confused. x2
The death yak seems less confused.
The death yak misses you.
You hit the death yak but do no damage. You headbutt the death yak!
You puncture the death yak! Your kick misses the death yak.
The death yak completely misses you. You block the death yak's attack.
You puncture the death yak!
You kill the death yak!
Your song has ended.
Unknown command.
Okay, then.
Unknown command.
Your hands turn into razor-sharp scythe blades.
The +11 dagger of Breach {pierce, rN+ Dex+6 Stlth+} melds into your body.
Your +3 buckler melds into your body.
You are feeling hungry.
The death yak completely misses you.
You now have 25/31 mp.
You hit the death yak.
Your icy armour starts to melt.
The death yak closely misses you.
The catoblepas gores the death yak!
The death yak completely misses you.
You slash the death yak!
The catoblepas seems less confused.
The catoblepas completely misses you. The death yak completely misses you.
You block the catoblepas's attack.
You hit the death yak. You headbutt the death yak!
The death yak closely misses you. The catoblepas gores you!!
You take 31 damage, and have 38/70 hp.
MASSIVE DAMAGE!!
You slash the death yak! You block the death yak's attack.
The catoblepas completely misses you.
You slash the death yak! Your headbutt misses the death yak.
Your icy armour evaporates.
The death yak misses you. The catoblepas gores you! The death yak gores you.
* * * LOW HITPOINT WARNING * * *
The catoblepas completely misses you.
You take 19 damage, and have 19/70 hp.
MASSIVE DAMAGE!!
You slice the death yak!!
You kill the death yak!
The catoblepas breathes a plume of calcifying dust at you.
The blast of calcifying dust hits you!
* * * LOW HITPOINT WARNING * * *
You take 1 damage, and have 18/70 hp.
The catoblepas closely misses you.
You slice the catoblepas!! You kick the catoblepas. You slash the catoblepas!
The catoblepas completely misses you. The deep troll shaman misses you.
The deep troll shaman completely misses you. x2
You slice the catoblepas!!
You kill the catoblepas!
You block the deep troll shaman's attack.
The deep troll shaman completely misses you. x2
You slice the deep troll shaman!!
Your slash misses the deep troll shaman.
The deep troll shaman bites you!
* * * LOW HITPOINT WARNING * * *
The deep troll shaman misses you.
The deep troll shaman barely misses you.
You take 17 damage, and have 1/70 hp.
MASSIVE DAMAGE!!
You slash the deep troll shaman!
The deep troll shaman utters an invocation to its god.
The deep troll shaman is healed somewhat.
The deep troll shaman bites you!!
You die...
Xom howls with laughter!

###### #######.P..##
##P..........######
##..÷.....P.P..##..###
#..†...#######..@....#
..†..### ..###†T..##
...### .........# .###
........## ## ....#.#
# #...##.# # ...##P.#
Y ..÷.#...# T ##♣..#


You could see a deep troll shaman.

Vanquished Creatures
  5 hydras
  The ghost of grisnicke the Grappler, a novice TrTm of Elyvilon (D:10)
  A catoblepas (Lair:6)
  A two-headed ogre (D:9)
  9 death yaks
  The ghost of Azzok the Fighter, a novice GrBe of Trog (D:6)
  2 merfolk sirens (Lair:4)
  A manticore (shapeshifter) (Lair:5)
  28 elephants
  An eye of devastation (Lair:5)
  5 black mambas
  A molten gargoyle (Volcano)
  2 torpor snails
  8 spiny frogs
  A gargoyle (D:10)
  2 rime drakes
  6 komodo dragons
  A merfolk (Lair:4)
  2 polar bears (Lair:6)
  The ghost of Gorglomux the Skirmisher, an amateur DsFi (D:4)
  12 dream sheep (Lair:6)
  14 blink frogs
  5 hippogriffs
  33 yaks
  A human (D:5)
  5 basilisks
  A basilisk (shapeshifter) (Lair:5)
  A golden eye (Lair:2)
  5 water moccasins
  The ghost of Gorglomux the Magician, an amateur DEFE (D:3)
  5 porcupines
  A swamp drake (D:10)
  4 ice beasts
  A sky beast (D:7)
  2 black bears
  A phantom (D:3)
  An eye of draining (Lair:5)
  7 ogres
  19 wolves
  4 centaurs
  16 crocodiles
  4 big kobolds
  8 bullfrogs
  2 earth elementals (Volcano)
  A wyvern skeleton (D:6)
  2 scorpions (D:7)
  6 wights
  2 howler monkeys
  A bullfrog zombie (D:5)
  2 crimson imps
  A quasit (D:8)
  6 hounds
  An orc priest (D:4)
  5 jellies
  An orc wizard (D:4)
  4 bullfrog skeletons
  4 iguanas
  4 worker ants
  Terence (D:3)
  2 hound zombies
  A hound skeleton (D:6)
  3 worker ant zombies
  7 gnolls
  9 adders
  2 shadow imps
  2 oozes (Sewer)
  2 adder skeletons
  4 adder zombies
  2 worms (D:2)
  7 leopard geckos
  18 orcs
  6 ball pythons
  8 giant cockroaches
  6 goblins
  3 hobgoblins
  4 jackals (D:2)
  5 quokkas
  5 bats
  7 frilled lizards
  15 kobolds
  A quokka skeleton (D:5)
  11 rats
  A fungus (Lair:5)
404 creatures vanquished.

Vanquished Creatures (collateral kills)
  2 hydras (Lair:6)
  2 elephants (Lair:4)
  A merfolk siren (Lair:4)
  A blink frog (Lair:6)
  A hippogriff (Lair:6)
  A yak (Lair:3)
  A water moccasin (Lair:3)
  A porcupine (Lair:1)
  A bullfrog (D:6)
  3 wights (D:6)
  A hound zombie (D:5)
15 creatures vanquished.

Vanquished Creatures (others)
  A hippogriff (Lair:5)
  A blink frog (Lair:5)
  A dream sheep (Lair:5)
  A howler monkey skeleton (D:5)
  An adder (D:3)
  2 kobolds
  A fire vortex (Lair:1)
  22 fungi
  9 plants
39 creatures vanquished.

Grand Total: 458 creatures vanquished

Notes
Turn   | Place    | Note
-------+----------+-------------------------------------------
     0 | D:1      | mhoghedin the Spriggan Chaos Knight began the quest for the Orb.
     0 | D:1      | Reached XP level 1. HP: 11/11 MP: 2/2
   176 | D:1      | Reached skill level 1 in Stealth
   211 | D:1      | Reached XP level 2. HP: 14/16 MP: 3/3
   359 | D:1      | Reached skill level 4 in Dodging
   413 | D:1      | Reached skill level 2 in Stealth
   586 | D:2      | XOM: butterfly on damage
   611 | D:2      | XOM: harmless Tmut miscast
   647 | D:2      | Reached XP level 3. HP: 9/19 MP: 4/4
   984 | D:2      | Reached skill level 4 in Short Blades
   984 | D:2      | Reached skill level 3 in Stealth
  1283 | D:2      | Gained mutation: You do not regenerate when monsters are visible. [potion of mutation]
  1283 | D:2      | Gained mutation: Your spells are a little easier to cast, but a little less powerful. [potion of mutation]
  1283 | D:2      | Gained mutation: You have a pair of small horns on your head. [potion of mutation]
  1283 | D:2      | Gained mutation: Your system is resistant to poisons. (rPois) [potion of mutation]
  1308 | D:2      | XOM: harmless Tmut miscast
  1319 | D:2      | Reached XP level 4. HP: 17/23 MP: 5/5
  1339 | D:2      | XOM: noise
  1565 | D:2      | XOM: god gift: 12 gold pieces
  1735 | D:3      | Reached skill level 5 in Dodging
  1752 | D:3      | Noticed Gorglomux's ghost (amateur DEFE)
  1865 | D:3      | XOM: divination: magic mapping
  1866 | D:3      | XOM: enchant monster (bad)
  1917 | D:4      | Noticed a bullfrog
  1922 | D:4      | XOM: give mutation
  1922 | D:4      | Lost mutation: Your spells are a little easier to cast, but a little less powerful. [Xom's mischief]
  1928 | D:4      | Killed a bullfrog
  1928 | D:4      | Reached skill level 4 in Stealth
  1928 | D:4      | Reached XP level 5. HP: 27/27 MP: 6/6
  2008 | D:4      | XOM: silly message
  2139 | D:4      | XOM: butterfly on damage
  2143 | D:4      | XOM: chaos cloud
  2152 | D:4      | XOM: 1-stop teleportation journey
  2157 | D:4      | Reached skill level 5 in Short Blades
  2157 | D:4      | Reached skill level 5 in Stealth
  2223 | D:4      | Noticed an ogre
  2225 | D:4      | HP: 6/27 [ogre/giant spiked club (11)]
  2239 | D:4      | Killed an ogre
  2239 | D:4      | Reached skill level 6 in Dodging
  2239 | D:4      | Reached XP level 6. HP: 32/32 MP: 7/7
  2299 | D:4      | XOM: scenery: 1 doors open
  2368 | D:4      | Noticed Gorglomux's ghost (amateur DsFi)
  2370 | D:4      | XOM: summons 4 friendly demons
  2388 | D:5      | Entered Level 5 of the Dungeon
  2392 | D:5      | Reached skill level 6 in Stealth
  2446 | D:5      | Noticed an ice beast
  2457 | D:5      | XOM: cleaving
  2463 | D:5      | XOM: summons friendly iron imp
  2477 | D:5      | Killed an ice beast
  2501 | D:5      | Reached skill level 7 in Dodging
  2501 | D:5      | Reached XP level 7. HP: 23/35 MP: 8/8
  2504 | D:5      | XOM: smoke on damage
  2583 | D:5      | XOM: summons 2 friendly demons
  2612 | D:5      | Found a glowing drain.
  2630 | Sewer    | Entered a sewer
  2789 | Sewer    | XOM: divination: magic mapping
  2814 | Sewer    | XOM: scenery: create altars
  2827 | Sewer    | Reached skill level 3 in Fighting
  2827 | Sewer    | Reached skill level 6 in Short Blades
  2827 | Sewer    | XOM: snakes to sticks
  2834 | Sewer    | XOM: mild Air miscast
  2841 | Sewer    | Reached skill level 7 in Stealth
  3038 | Sewer    | XOM: chaos upgrade
  3039 | Sewer    | XOM: harmless Summ miscast
  3151 | Sewer    | XOM: summons 3 hostile demons
  3152 | Sewer    | Noticed a soul eater
  3166 | Sewer    | XOM: enchant monster (bad)
  3171 | Sewer    | XOM: mild Summ miscast
  3173 | Sewer    | HP: 6/36 [soul eater/drain life[Xom] (13)]
  3173 | Sewer    | XOM: butterfly on damage
  3187 | D:5      | Noticed a human
  3187 | D:5      | a big kobold changed into a human
  3187 | D:5      | XOM: polymorph big kobold -> human
  3202 | D:5      | XOM: swap monsters
  3214 | D:5      | XOM: harmless Erth miscast
  3222 | D:5      | XOM: cleaving
  3225 | D:5      | Killed a human
  3225 | D:5      | Reached skill level 8 in Dodging
  3225 | D:5      | Reached XP level 8. HP: 29/40 MP: 9/9
  3371 | D:5      | Reached skill level 8 in Stealth
  3785 | D:5      | XOM: harmless Summ miscast
  3874 | D:6      | Found a shattered altar of Ashenzari.
  3876 | D:6      | Noticed Azzok's ghost (novice GrBe)
  3881 | D:6      | XOM: divination: detect items
  3885 | D:6      | XOM: confusion (+ monsters)
  3921 | D:6      | XOM: enchant monster (good)
  3923 | D:6      | XOM: summons friendly ufetubus
  3945 | D:6      | XOM: cast spell 'Cause Fear'
  4092 | D:6      | Reached skill level 4 in Fighting
  4115 | D:6      | Reached skill level 7 in Short Blades
  4226 | D:6      | XOM: summons friendly shadow imp
  4244 | D:6      | Reached skill level 9 in Dodging
  4244 | D:6      | Reached skill level 9 in Stealth
  4418 | D:6      | Reached XP level 9. HP: 25/46 MP: 10/10
  4546 | D:6      | XOM: scenery: 1 fountains blood, 2 doors close
  4563 | D:6      | XOM: blink monster(s)
  4567 | D:6      | XOM: enchant monster (bad)
  4745 | D:6      | XOM: summons 4 hostile demons
  4920 | D:6      | Reached skill level 1 in Evocations
  4932 | D:6      | XOM: harmless Air miscast
  4948 | D:6      | Reached skill level 10 in Stealth
  5074 | D:6      | XOM: butterfly on damage
  5262 | D:7      | Reached skill level 10 in Dodging
  5357 | D:7      | Found an iron altar of Okawaru.
  5379 | D:7      | Reached skill level 2 in Evocations
  5493 | D:7      | Found a staircase to the Ecumenical Temple.
  5498 | D:7      | Reached skill level 1 in Shields
  5782 | D:7      | Reached skill level 3 in Evocations
  6080 | D:8      | Found Guwnuj's General Store.
  6083 | D:8      | Bought a +5 dagger of electrocution for 384 gold pieces
  6110 | D:8      | XOM: give mutations
  6110 | D:8      | Gained mutation: You are clumsy. (Dex -2) [Xom's mischief]
  6110 | D:8      | Gained mutation: You occasionally shout uncontrollably at your foes. [Xom's mischief]
  6356 | D:8      | Reached skill level 2 in Shields
  6440 | D:8      | Got a warped dagger
  6441 | D:8      | Identified the +11 dagger of Breach {pierce, rN+ Dex+6 Stlth+} (You found it on level 8 of the Dungeon)
  6462 | D:9      | Reached skill level 11 in Stealth
  6462 | D:9      | Reached skill level 4 in Evocations
  6590 | D:9      | Noticed a two-headed ogre
  6604 | D:9      | Killed a two-headed ogre
  6604 | D:9      | Reached skill level 11 in Dodging
  6604 | D:9      | Reached skill level 5 in Evocations
  6604 | D:9      | Reached XP level 10. HP: 51/51 MP: 14/14
  6692 | D:9      | XOM: enchant monster (good)
  6696 | D:9      | XOM: give mutation
  6707 | D:9      | Reached skill level 3 in Shields
  6753 | D:9      | XOM: mild Hex miscast
  6841 | D:9      | XOM: harmless Hex miscast
  6996 | D:9      | XOM: swap monsters
  7223 | D:10     | XOM: noise
  7223 | D:10     | Entered Level 10 of the Dungeon
  7229 | D:10     | Noticed grisnicke's ghost (novice TrTm)
  7335 | D:10     | Reached skill level 6 in Evocations
  7401 | D:10     | Killed grisnicke's ghost
  7401 | D:10     | Reached skill level 12 in Stealth
  7700 | D:10     | XOM: harmless Pois miscast
  7735 | D:10     | Noticed a gargoyle
  7740 | D:10     | Killed a gargoyle
  7740 | D:10     | Reached skill level 12 in Dodging
  7973 | D:10     | Found a staircase to the Orcish Mines.
  7986 | D:10     | XOM: 4-stop teleportation journey
  8001 | D:10     | Reached skill level 7 in Evocations
  8012 | D:10     | Reached skill level 4 in Shields
  8013 | D:10     | Found a staircase to the Lair.
  8268 | Lair:1   | Entered Level 1 of the Lair of Beasts
  8290 | Lair:1   | Noticed a spiny frog
  8312 | Lair:1   | XOM: smoke on damage
  8319 | Lair:1   | Killed a spiny frog
  8338 | Lair:1   | XOM: mild Fire miscast
  8413 | Lair:1   | XOM: divination: detect items
  8631 | Lair:1   | XOM: butterfly on damage
  8655 | Lair:1   | Reached skill level 13 in Stealth
  8711 | Lair:1   | Reached XP level 11. HP: 35/54 MP: 17/17
  8715 | Lair:1   | XOM: silly message
  9065 | D:8      | XOM: harmless Conj miscast
  9213 | D:4      | Killed Gorglomux's ghost
  9213 | D:4      | Reached skill level 5 in Fighting
  9213 | D:4      | Reached skill level 8 in Short Blades
  9257 | D:3      | Killed Gorglomux's ghost
  9257 | D:3      | Reached skill level 8 in Evocations
  9278 | D:3      | Found a shadowy altar of Dithmenos.
  9369 | D:3      | Noticed Terence
  9373 | D:3      | Killed Terence
  9508 | D:3      | XOM: mild Air miscast
  9678 | D:3      | XOM: divination: magic mapping
  9858 | D:3      | XOM: noise
  9967 | D:6      | XOM: confuse monster(s)
  9975 | D:6      | Killed Azzok's ghost
 10200 | Lair:1   | XOM: enchant monster (good)
 10291 | Lair:1   | XOM is BORED!
 10291 | Lair:1   | XOM: noise
 10519 | Lair:1   | XOM: give mutations
 10519 | Lair:1   | Gained mutation: You are dopey. (Int -2) [Xom's mischief]
 10519 | Lair:1   | Lost mutation: You are dopey. (Int -2) [Xom's mischief]
 10519 | Lair:1   | Gained mutation: Your flesh is heat resistant. (rF+) [Xom's mischief]
 10827 | Lair:1   | XOM: enchant monster (good)
 10842 | Lair:1   | XOM: fog
 11061 | Lair:2   | Reached skill level 1 in Throwing
 11097 | Lair:2   | XOM is BORED!
 11097 | Lair:2   | XOM: summons 5 hostile demons
 11172 | Lair:2   | Found a dark tunnel.
 11185 | Volcano  | Entered a volcano
 11201 | Volcano  | Noticed a lindwurm
 11201 | Volcano  | Noticed a lindwurm
 11201 | Volcano  | XOM: enchant monster (good)
 11203 | Volcano  | XOM: confuse monster(s)
 11207 | Volcano  | Reached skill level 13 in Dodging
 11223 | Volcano  | XOM: potion effect (brilliance)
 11415 | Lair:2   | XOM: noise
 11420 | Lair:2   | XOM: potion effect (haste)
 11434 | Lair:2   | XOM: summons 2 friendly demons
 11602 | Lair:2   | Noticed an oklob plant
 11602 | Lair:2   | Noticed an oklob plant
 11603 | Lair:2   | Noticed an oklob plant
 11604 | Lair:2   | Noticed an oklob plant
 11613 | Lair:2   | Reached skill level 2 in Throwing
 11682 | Lair:2   | XOM: god gift: wand of scattershot (5)
 11715 | Lair:2   | XOM: fog
 11716 | Lair:2   | XOM: 8-stop teleportation journey
 11751 | Lair:2   | Reached skill level 5 in Shields
 11754 | Lair:2   | XOM: polymorph blink frog -> ogre
 11858 | Lair:2   | Noticed Sonja
 11860 | Lair:2   | XOM: potion effect (brilliance)
 11861 | Lair:2   | Noticed Sonja
 11861 | Lair:2   | Sonja changed into Sonja the golden eye
 11861 | Lair:2   | XOM: polymorph Sonja -> Sonja the golden eye
 11865 | Lair:2   | Killed Sonja the golden eye
 12118 | Lair:3   | Reached skill level 9 in Evocations
 12213 | Lair:3   | XOM: confuse monster(s)
 12222 | Lair:3   | Reached skill level 14 in Stealth
 12280 | Lair:3   | Learned a level 3 spell: Ozocubu's Armour
 12309 | Lair:3   | Reached skill level 1 in Charms
 12319 | Lair:3   | Reached skill level 1 in Ice Magic
 12319 | Lair:3   | Reached XP level 12. HP: 60/60 MP: 19/19
 12340 | Lair:3   | XOM: 4-stop teleportation journey
 12356 | Lair:3   | XOM: harmless Fire miscast
 12357 | Lair:3   | XOM: summons 4 friendly demons
 12369 | Lair:3   | Reached skill level 2 in Charms
 12486 | Lair:3   | XOM: cleaving
 12488 | Lair:3   | Reached skill level 3 in Charms
 12528 | Lair:3   | Reached skill level 2 in Ice Magic
 12542 | Lair:3   | Reached skill level 4 in Charms
 12549 | Lair:3   | Reached skill level 14 in Dodging
 12559 | Lair:3   | XOM: summons 2 hostile shadow creatures
 12765 | Lair:4   | XOM: god gift: 4 needles of frenzy
 12931 | Lair:4   | Noticed a five-headed hydra
 12960 | Lair:4   | Killed a five-headed hydra
 13224 | Lair:4   | Reached skill level 5 in Charms
 13232 | Lair:4   | XOM: enchant monster (good)
 13236 | Lair:4   | XOM: divination: magic mapping
 13238 | Lair:4   | Reached skill level 3 in Ice Magic
 13246 | Lair:4   | Found a staircase to the Shoals.
 13303 | Lair:4   | XOM: destruction
 13315 | Lair:4   | Reached skill level 6 in Charms
 13370 | Lair:4   | XOM: 3-stop teleportation journey
 13386 | Lair:4   | XOM: confuse monster(s)
 13392 | Lair:4   | XOM: scenery: create altars
 13405 | Lair:4   | Reached skill level 7 in Charms
 13459 | Lair:4   | Found a staircase to the Snake Pit.
 13734 | Lair:4   | XOM: medium Erth miscast
 13868 | Lair:5   | Reached skill level 4 in Ice Magic
 13965 | Lair:5   | XOM: cleaving
 13978 | Lair:5   | XOM: stat loss: -1 Dex (23/24)
 13983 | Lair:5   | XOM: god gift: 2 scrolls labeled CEVASTR HEREKELL {god gift}
 13984 | Lair:5   | XOM: harmless Ice miscast
 13989 | Lair:5   | Reached skill level 9 in Short Blades
 13990 | Lair:5   | XOM: potion effect (might)
 13995 | Lair:5   | Reached skill level 6 in Fighting
 13998 | Lair:5   | XOM: fog
 14046 | Lair:5   | XOM: snakes to sticks
 14050 | Lair:5   | XOM: polymorph yak -> basilisk
 14052 | Lair:5   | XOM: scenery: create altars
 14072 | Lair:5   | XOM: scenery: create altars
 14073 | Lair:5   | Found a staircase to the Slime Pits.
 14080 | Lair:5   | XOM: 7-stop teleportation journey
 14081 | Lair:5   | XOM: enchant monster (good)
 14101 | Lair:5   | XOM: fog
 14211 | Lair:5   | Noticed a death yak
 14215 | Lair:5   | Noticed a death yak
 14222 | Lair:5   | XOM: butterfly on damage
 14223 | Lair:5   | Killed a death yak
 14223 | Lair:5   | Reached skill level 15 in Dodging
 14233 | Lair:5   | Killed a death yak
 14233 | Lair:5   | Reached skill level 10 in Evocations
 14235 | Lair:5   | XOM: enchant monster (good)
 14239 | Lair:5   | XOM: god gift: smoking robe {god gift}
 14244 | Lair:5   | Got a smoking robe {god gift}
 14255 | Lair:5   | Identified the +0 robe "Wuubbogul" {rC+} (Xom gifted it to you on level 5 of the Lair of Beasts)
 14258 | Lair:5   | XOM: polymorph crocodile -> ice beast
 14262 | Lair:5   | Reached XP level 13. HP: 48/65 MP: 21/21
 14311 | Lair:5   | XOM: polymorph elephant -> manticore
 14312 | Lair:5   | XOM: enchant monster (good)
 14426 | Lair:5   | XOM: repel stairs
 14655 | Lair:5   | XOM: medium Erth miscast
 14730 | Lair:5   | XOM: scenery: create altars
 14744 | Lair:6   | Entered Level 6 of the Lair of Beasts
 14755 | Lair:5   | XOM: divine lightning
 14800 | Lair:6   | Found a labyrinth entrance.
 14855 | Lair:6   | XOM: god gift: 2 steel javelins
 14857 | Lair:6   | HP: 12/66 [elephant (16)]
 14857 | Lair:6   | XOM: smoke on damage
 14858 | Lair:6   | XOM: cleaving
 14865 | Lair:6   | Reached skill level 16 in Dodging
 14867 | Lair:6   | XOM: destruction
 14975 | Lair:5   | XOM: give mutations
 14975 | Lair:5   | Gained mutation: You are partially covered in large bone plates. (SH +4) [Xom's grace]
 14975 | Lair:5   | Gained mutation: You have a pair of horns on your head. [Xom's grace]
 14975 | Lair:5   | Lost mutation: You are clumsy. (Dex -2) [Xom's grace]
 15023 | Lair:5   | Learned a level 5 spell: Blade Hands
 15026 | Lair:6   | Reached skill level 1 in Transmutations
 15154 | Lair:5   | XOM: give mutations
 15154 | Lair:5   | Gained mutation: You have large cloven feet. [Xom's grace]
 15154 | Lair:5   | Gained mutation: Your skin changes colour to match your surroundings (Stealth+). [Xom's grace]
 15154 | Lair:5   | Gained mutation: You have a pair of large horns on your head. [Xom's grace]
 15165 | Lair:6   | Reached skill level 1 in Unarmed Combat
 15168 | Lair:6   | Reached skill level 2 in Transmutations
 15214 | Lair:6   | XOM: cleaving
 15243 | Lair:6   | XOM: divination: detect creatures
 15267 | Lair:5   | Reached skill level 3 in Transmutations
 15284 | Lair:6   | Reached skill level 2 in Unarmed Combat
 15289 | Lair:6   | Reached skill level 4 in Transmutations
 15297 | Lair:6   | XOM: cleaving
 15301 | Lair:6   | XOM: scenery: create altars
 15316 | Lair:6   | XOM: destruction
 15345 | Lair:6   | XOM: summons 9 friendly demons
 15353 | Lair:6   | Reached skill level 3 in Unarmed Combat
 15353 | Lair:6   | Reached skill level 5 in Transmutations
 15369 | Lair:6   | XOM: god gift: runed robe {god gift}
 15371 | Lair:6   | XOM: cleaving
 15378 | Lair:6   | XOM: summons friendly quasit
 15381 | Lair:6   | Reached skill level 6 in Transmutations
 15389 | Lair:6   | XOM: summons 13 friendly demons
 15396 | Lair:6   | Reached skill level 4 in Unarmed Combat
 15483 | Lair:6   | HP: 20/99 [dream sheep (7)]
 15483 | Lair:6   | HP: 5/99 [crocodile (15)]
 15485 | Lair:6   | HP: 1/99 [dream sheep (4)]
 15488 | Lair:6   | Reached skill level 7 in Transmutations
 15678 | Lair:6   | XOM: scenery: create altars
 15723 | Lair:6   | XOM: harmless Conj miscast
 15772 | Lair:6   | XOM: give mutation
 15772 | Lair:6   | Gained mutation: You are weak. (Str -2) [Xom's mischief]
 15776 | Lair:6   | XOM: chaos cloud
 15781 | Lair:6   | XOM: enchant monster (bad)
 15803 | Lair:6   | Reached skill level 5 in Unarmed Combat
 15803 | Lair:6   | Reached skill level 1 in Spellcasting
 15803 | Lair:6   | Reached skill level 8 in Transmutations
 16159 | D:8      | Bought a book of Battle for 480 gold pieces
 16163 | D:8      | Learned a level 3 spell: Regeneration
 16166 | D:8      | Learned a level 2 spell: Song of Slaying
 16415 | Lair:6   | XOM: scenery: create altars
 16417 | Lair:6   | XOM: summons friendly shadow imp
 16429 | Lair:6   | XOM: butterfly on damage
 16439 | Lair:6   | XOM: noise
 16445 | Lair:6   | XOM: polymorph spiny frog -> basilisk
 16449 | Lair:6   | Reached skill level 2 in Spellcasting
 16459 | Lair:6   | XOM: 2-stop teleportation journey
 16465 | Lair:6   | XOM: 11-stop teleportation journey
 16663 | Lair:6   | XOM: summons friendly crimson imp
 16672 | Lair:6   | XOM: cleaving
 16682 | Lair:6   | Reached XP level 14. HP: 55/70 MP: 22/22
 16740 | Lair:6   | XOM: 5-stop teleportation journey
 16759 | Lair:6   | Reached skill level 3 in Spellcasting
 16804 | Lair:6   | XOM: polymorph crimson imp -> white imp
 17217 | Lair:6   | Reached skill level 9 in Transmutations
 17221 | Lair:6   | XOM: potion effect (might)
 17245 | Lair:6   | Reached skill level 4 in Spellcasting
 17251 | Lair:6   | XOM: confuse monster(s)
 17266 | Lair:6   | HP: 1/70 [deep troll shaman (17)]
 17267 | Lair:6   | Demolished by a deep troll shaman

Vault maps used:
D:1:      matt_arrival_refuge, grunt_decor_one_mirror
D:2:      first_ration
D:3:      nicolae_dithmenos_shadow_blocks, uniq_terence
D:5:      portal_sewer_entry_a
D:6:      kennysheep_windowed_halls, evilmike_ruin_ashenzari
D:7:      okawaru_ov_weapons_minmay, minmay_temple_entry_grid,
          hangedman_abyss_or_decor_slice
D:8:      serial_shops, nicolae_shop_window_shopping
D:9:      hangedman_decor_opposing
D:10:     erik_lair_dragon, orc_0_dummy
Lair:1:   lemuel_fruit_tree
Lair:2:   nicolae_volcano_entry_hallway, serial_bayou_shore_b,
          minmay_lair_oklob_chamber, serial_bayou_shore_b, uniq_sonja
Lair:3:   grunt_megastairs_2, lemuel_fruit_fields, lemuel_fruit_fields
Lair:4:   elwin_shoals_entry_stream, dummy_snake_entry
Lair:5:   minmay_slime_entry_eyes, serial_bayou_shore_b, serial_bayou_shore_b
Lair:6:   grunt_lair_end_beastmaster, lab_entry_generic
Sewer:    kennysheep_pipe_town
Volcano:  volcano_aerie

Skill      XL: |  1  2  3  4  5  6  7  8  9 10 11 12 13 14 |
---------------+-------------------------------------------+-----
Stealth        | 1 2 3 4 5 6 7 9 11 13 14 | 14.0
Dodging        | 4 5 6 7 8 9 11 12 13 15 16 | 16.0
Short Blades   | 4 5 6 7 8 9 |  9.5
Fighting       | 3 4 5 6 |  6.8
Evocations     | 5 7 9 10 | 10.3
Shields        | 2 4 5 |  5.2
Throwing       | 2 |  2.8
Charms         | 1 7 |  7.7
Ice Magic      | 1 4 |  4.0
Transmutations | 8 9 |  9.3
Unarmed Combat | 5 |  5.9
Spellcasting   | 2 4 |  4.4

Action                   |  1- 3 |  4- 6 |  7- 9 | 10-12 | 13-15 || total
-------------------------+-------+-------+-------+-------+-------++-------
Melee: Short sword       |   117 |   125 |   358 |       |       ||   600
       Headbutt          |     1 |    24 |    67 |   131 |   116 ||   339
       Dagger            |       |       |    34 |   590 |   277 ||   901
       Kick              |       |       |       |       |   103 ||   103
       Unarmed           |       |       |       |       |    75 ||    75
       Punch             |       |       |       |       |     3 ||     3
 Fire: Blowgun           |       |       |       |    33 |       ||    33
 Cast: Ozocubu's Armour  |       |       |       |     2 |     4 ||     6
       Blade Hands       |       |       |       |       |     4 ||     4
       Regeneration      |       |       |       |       |     2 ||     2
       Song of Slaying   |       |       |       |       |     2 ||     2
 Abil: Evoke Berserk Rag |       |       |     1 |    16 |    11 ||    28
Evoke: Phial of floods   |       |       |     1 |     2 |     2 ||     5
       Wand              |       |       |       |    11 |    15 ||    26
  Use: Potion            |     5 |     1 |     3 |     1 |     3 ||    13
       Scroll            |     1 |       |    16 |     8 |     1 ||    26
 Stab: Sleeping          |     4 |     2 |    29 |    19 |     6 ||    60
       Paralysed         |     1 |     1 |     3 |       |       ||     5
       Distracted        |       |     2 |     3 |     2 |     4 ||    11
       Petrifying        |       |       |     2 |       |       ||     2
       Confused          |       |       |     3 |     9 |       ||    12
  Eat: Ration            |       |       |     2 |    11 |     9 ||    22
Armor: Robe              |    15 |     9 |    15 |    12 |    19 ||    70
Dodge: Dodged            |   110 |    83 |   210 |   221 |   276 ||   900
Block: Other             |       |       |    47 |       |    15 ||    62
       Reflection        |       |       |     3 |     1 |       ||     4
       Buckler           |       |       |    63 |   147 |   110 ||   320

Table legend:
 A = Spawn XP
 B = Non-spawn XP
 C = Spawn XP percentage of total XP
 D = Spawn monster count
 E = Non-spawn monster count
 F = Spawn count percentage of total count
 G = Total turns spent on level
                    A         B        C        D         E        F      G
               +---------+---------+-------+---------+---------+-------+---------
         Total |       0 |   72395 |   0.0 |       0 |     422 |   0.0 | 17267
               +---------+---------+-------+---------+---------+-------+---------
           D:1 |       0 |      31 |   0.0 |       0 |      18 |   0.0 |   577
           D:2 |       0 |     104 |   0.0 |       0 |      26 |   0.0 |  1064
           D:3 |       0 |     433 |   0.0 |       0 |      20 |   0.0 |   926
           D:4 |       0 |     728 |   0.0 |       0 |      16 |   0.0 |   572
           D:5 |       0 |     803 |   0.0 |       0 |      18 |   0.0 |  1007
           D:6 |       0 |    2480 |   0.0 |       0 |      39 |   0.0 |  1248
           D:7 |       0 |     760 |   0.0 |       0 |      21 |   0.0 |   958
           D:8 |       0 |     512 |   0.0 |       0 |      11 |   0.0 |   601
           D:9 |       0 |    2588 |   0.0 |       0 |      15 |   0.0 |   927
          D:10 |       0 |    2549 |   0.0 |       0 |      18 |   0.0 |  1228
        Lair:1 |       0 |    3270 |   0.0 |       0 |      18 |   0.0 |  1660
        Lair:2 |       0 |    3844 |   0.0 |       0 |      19 |   0.0 |  1049
        Lair:3 |       0 |    5975 |   0.0 |       0 |      30 |   0.0 |   529
        Lair:4 |       0 |    5809 |   0.0 |       0 |      17 |   0.0 |  1354
        Lair:5 |       0 |   11746 |   0.0 |       0 |      37 |   0.0 |  1249
        Lair:6 |       0 |   29836 |   0.0 |       0 |      76 |   0.0 |  1690
         Sewer |       0 |     328 |   0.0 |       0 |      20 |   0.0 |   547
       Volcano |       0 |     599 |   0.0 |       0 |       3 |   0.0 |    81
               +---------+---------+-------+---------+---------+-------+---------

Vault maps used:
D:1:      matt_arrival_refuge, grunt_decor_one_mirror
D:2:      first_ration
D:3:      nicolae_dithmenos_shadow_blocks, uniq_terence
D:5:      portal_sewer_entry_a
D:6:      kennysheep_windowed_halls, evilmike_ruin_ashenzari
D:7:      okawaru_ov_weapons_minmay, minmay_temple_entry_grid,
          hangedman_abyss_or_decor_slice
D:8:      serial_shops, nicolae_shop_window_shopping
D:9:      hangedman_decor_opposing
D:10:     erik_lair_dragon, orc_0_dummy
Lair:1:   lemuel_fruit_tree
Lair:2:   nicolae_volcano_entry_hallway, serial_bayou_shore_b,
          minmay_lair_oklob_chamber, serial_bayou_shore_b, uniq_sonja
Lair:3:   grunt_megastairs_2, lemuel_fruit_fields, lemuel_fruit_fields
Lair:4:   elwin_shoals_entry_stream, dummy_snake_entry
Lair:5:   minmay_slime_entry_eyes, serial_bayou_shore_b, serial_bayou_shore_b
Lair:6:   grunt_lair_end_beastmaster, lab_entry_generic
Sewer:    kennysheep_pipe_town
Volcano:  volcano_aerie

Table legend:
 A = Turns spent in this place as a percentage of turns spent in the entire game.
 B = Non-inter-level travel turns spent in this place as a percentage of non-inter-level travel turns spent in the entire game.
 C = Inter-level travel turns spent in this place as a percentage of turns spent in this place.
 D = Turns resting spent in this place as a percentage of non-inter-level travel turns spent in this place.
 E = Turns spent auto-exploring this place as a percentage of non-inter-level travel turns spent in this place.
 F = Non-inter-level travel turns spent in this place divided by the number of levels of this place that you've seen.
                   A       B       C       D       E      F
               +-------+-------+-------+-------+-------+----------------------
         Total | 100.0 | 100.0 |   8.9 |  21.1 |  49.8 | 873.6
       Dungeon |  52.7 |  51.7 |  10.7 |  13.6 |  58.9 | 813.1
          Lair |  43.6 |  44.3 |   7.5 |  27.6 |  42.1 | 1161.0
         Sewer |   3.2 |   3.5 |   0.0 |  50.1 |  16.6 | 547.0
       Volcano |   0.5 |   0.5 |   0.0 |  11.1 |  11.1 |  81.0
               +-------+-------+-------+-------+-------+----------------------

Table legend:
 A = Kills in this place as a percentage of kills in entire the game.
 B = Kills by you in this place as a percentage of kills by you in the entire game.
 C = Kills by friends in this place as a percentage of kills by friends in the entire game.
 D = Other kills in this place as a percentage of other kills in the entire game.
 E = Experience gained in this place as a percentage of experience gained in the entire game.
 F = Experience gained in this place divided by the number of levels of this place that you have seen.
                   A       B       C       D       E      F
               +-------+-------+-------+-------+-------+----------------------
         Total | 100.0 | 100.0 | 100.0 | 100.0 | 100.0 | 4021.9
       Dungeon |  47.9 |  48.4 |  33.3 |  50.0 |  15.2 | 1098.8
          Lair |  46.7 |  46.2 |  66.7 |  25.0 |  83.5 | 10080.0
         Sewer |   4.7 |   4.7 |   0.0 |  25.0 |   0.5 | 328.0
       Volcano |   0.7 |   0.7 |   0.0 |   0.0 |   0.8 | 599.0
               +-------+-------+-------+-------+-------+----------------------
